 Dungeon Crawl Stone Soup version 0.30.1-11-g7821555f0a (webtiles) character file.

Game seed: 15531680945586193966

436710 Nonny the Brawler (level 22, -15/203 (214) HPs)
             Began as a Troll Cinder Acolyte on Nov 23, 2023.
             Was a Priest of Lugonu.
             Demolished by a titan (24 damage)
             ... on level 5 of the Vaults on Nov 24, 2023.
             The game lasted 03:35:11 (44030 turns).

Nonny the Brawler (Troll Cinder Acolyte)           Turns: 44030, Time: 03:35:12

HP:   -15/203 (214) AC: 22    Str: 32    XL:     22   Next: 63%
MP:   0/27          EV: 10    Int: 10    God:    Lugonu [***...]
Gold: 643           SH:  0    Dex: 10    Spells: 21/23 levels left

rFire   + +          .
                       - Unarmed
rCold   . . .        S - +4 tower shield {reflect}
rNeg    . . .        f - +0 storm dragon scales
rPois   +            W - +1 hat
rElec   +            b - +1 cloak
rCorr   .            (gloves unavailable)
SInv    +            (boots unavailable)
Will    ++...        Y - brooch of Shielding {Spirit SH+8} Stlth
                     j - ring of Sloth {rPois rF++ Will+++ Str+6 Dex-3}
HPRegen 1.33/turn    v - ring of see invisible
MPRegen 0.20/turn

%: reflection, guardian spirit
@: confused, mighty, weak-willed, ambrosia-drunk, marked, studying
Translocations, drained, invisible
A: large, unfitting armour, claws 3, regeneration 1, shaggy fur 1, tough skin 1,
weak 1
}: 3/15 runes: decaying, serpentine, silver
a: Renounce Religion, Depart the Abyss, Banish


You were on level 5 of the Vaults.
You worshipped Lugonu.
Lugonu was most pleased with you.
You visited 7 branches of the dungeon, and saw 36 of its levels.
You visited the Abyss 1 time.
You visited 1 bazaar.
You also visited: Bailey, Ice Cave and Volcano.

You collected 4046 gold pieces.
You spent 3403 gold pieces at shops.

Inventory:

Hand Weapons
 H - a +6 scimitar of flaming
Missiles
 c - 9 curare-tipped darts
 p - 107 stones (quivered)
 s - 35 poisoned darts
 t - 31 javelins
 u - 23 large rocks
 Q - 6 boomerangs
 V - 10 atropa-tipped darts
 X - 4 datura-tipped darts
Armour
 b - a +1 cloak (worn)
 f - +0 storm dragon scales (worn)
 C - +0 swamp dragon scales
 S - a +4 tower shield of reflection (worn)
 W - a +1 hat (worn)
Jewellery
 d - a ring of protection from fire
 j - the ring of Sloth (left claw) {rPois rF++ Will+++ Str+6 Dex-3}
   (You took it off a vault guard on level 5 of the Vaults)

   [ring of strength]

   Str:       It affects your strength (+6).
   Dex:       It affects your dexterity (-3).
   rF:        It greatly protects you from fire.
   rPois:     It protects you from poison.
   Will:      It greatly increases your willpower.
 r - a ring of resist corrosion
 v - a ring of see invisible (right claw)
 w - the amulet of Biqef {Faith rElec rF- Regen+ SInv}
   (You took it off an ironbound preserver on level 5 of the Vaults)

   [amulet of faith]

   It allows you to gain divine favour quickly.
   rF:        It makes you vulnerable to fire.
   rElec:     It insulates you from electricity.
   SInv:      It lets you see invisible.
   Regen:     It increases your rate of health regeneration.
 A - a ring of protection from cold
 B - the ring of Reatt {rF+ rC+ AC+4 Slay-6}
   (You bought it in a shop in a bazaar)

   [ring of protection]

   AC:        It affects your AC (+4).
   Slay:      It affects your accuracy & damage with ranged weapons and melee
   (-6).
   rF:        It protects you from fire.
   rC:        It protects you from cold.
 F - a ring of willpower
 I - the amulet "Semecer" {Faith rC+++ Int+4 Dex-4}
   (You found it on level 10 of the Dungeon)

   [amulet of faith]

   It allows you to gain divine favour quickly.
   Int:       It affects your intelligence (+4).
   Dex:       It affects your dexterity (-4).
   rC:        It renders you almost immune to cold.
 O - a ring of protection from fire
 Y - the brooch of Shielding (around neck) {Spirit SH+8}
   (You found it on level 15 of the Dungeon)

   [amulet of guardian spirit]

   It causes incoming damage to be divided between your reserves of health and
   magic.
   SH:        It affects your SH (+8).
Wands
 m - a wand of quicksilver (4)
 n - a wand of digging (13)
 o - a wand of mindburst (16)
 x - a wand of flame (11)
 E - a wand of paralysis (45)
 J - a wand of iceblast (19)
Scrolls
 k - a scroll of vulnerability
 l - 2 scrolls of noise
 L - 5 scrolls of fear
Potions
 e - 2 potions of invisibility
 g - 5 potions of might
 h - a potion of resistance
 i - 3 potions of curing
 z - 8 potions of flight
 D - 7 potions of brilliance
 K - 5 potions of mutation
 M - 3 potions of attraction
 P - 5 potions of ambrosia
 R - a potion of cancellation
 T - a potion of haste
Miscellaneous
 a - a condenser vane (inert)
 y - a box of beasts (inert)
 G - a lightning rod (4/4)
 Z - a phantom mirror


   Skills:
 + Level 12.1 Fighting
 - Level 14.5 Throwing
 - Level 15.0 Armour
 - Level 12.0 Dodging
 - Level 3.0 Stealth
 + Level 18.9 Shields
 - Level 20.0 Unarmed Combat
 - Level 1.0 Spellcasting
 - Level 2.1 Fire Magic
 * Level 9.2 Invocations
 - Level 6.0 Evocations


You had 21 spell levels left.
You knew the following spells:

 Your Spells              Type           Power      Damage    Failure   Level
a - Scorch                Fire           8%         2d5       71%         2

Your spell library contained the following spells:

 Spells                   Type           Power      Damage    Failure   Level
 Beastly Appendage        Tmut           0%         N/A       86%         1
 Freeze                   Ice            0%         1d3       86%         1
 Kiss of Death            Conj/Necr      0%         2d5       86%         1
 Sandblast                Erth           0%         2d4       86%         1
 Summon Small Mammal      Summ           0%         N/A       86%         1
 Blink                    Tloc           0%         N/A       94%         2
 Cigotuvi's Dreadful Rot  Necr/Pois/Air  0%         N/A       94%         2
 Ensorcelled Hibernation  Hex/Ice        0%         N/A       94%         2
 Lesser Beckoning         Tloc           0%         N/A       94%         2
 Momentum Strike          Conj/Tloc      0%         3d8       94%         2
 Passwall                 Tmut/Erth      0%         N/A       94%         2
 Sublimation of Blood     Necr           0%         N/A       94%         2
 Wereblood                Tmut           0%         N/A       94%         2
 Inner Flame              Hex/Fire       2%         N/A       97%         3
 Call Canine Familiar     Summ           0%         N/A       99%         3
 Confusing Touch          Hex            0%         N/A       99%         3
 Dazzling Flash           Conj/Hex       0%         N/A       99%         3
 Frozen Ramparts          Ice            0%         1d1       99%         3
 Hailstorm                Conj/Ice       0%         3d3       99%         3
 Ozocubu's Armour         Ice            0%         N/A       99%         3
 Spider Form              Tmut/Pois      0%         N/A       99%         3
 Stone Arrow              Conj/Erth      0%         3d7       99%         3
 Summon Guardian Golem    Hex/Summ       0%         N/A       99%         3
 Swiftness                Air            0%         N/A       99%         3
 Tukima's Dance           Hex            0%         N/A       99%         3
 Vhi's Electric Charge    Tloc/Air       0%         N/A       99%         3
 Anguish                  Hex/Necr       0%         N/A       100%        4
 Animate Armour           Summ/Erth      0%         N/A       100%        4
 Animate Dead             Necr           0%         N/A       100%        4
 Cause Fear               Hex            0%         N/A       100%        4
 Dispel Undead            Necr           0%         3d6       100%        4
 Flame Wave               Conj/Fire      2%         2d4       100%        4
 Ice Form                 Ice/Tmut       0%         N/A       100%        4
 Leda's Liquefaction      Hex/Erth       0%         N/A       100%        4
 Passage of Golubria      Tloc           0%         N/A       100%        4
 Petrify                  Tmut/Erth      0%         N/A       100%        4
 Sticky Flame             Conj/Fire      2%         2d3       100%        4
 Summon Ice Beast         Ice/Summ       0%         N/A       100%        4
 Agony                    Necr           0%         N/A       100%        5
 Arcjolt                  Conj/Air       0%         1d10      100%        5
 Blade Hands              Tmut           0%         N/A       100%        5
 Borgnjor's Vile Clutch   Necr/Erth      0%         N/A       100%        5
 Irradiate                Conj/Tmut      0%         3d11      100%        5
 Lee's Rapid Deconstruct  Erth           0%         3d4*      100%        5
 Metabolic Englaciation   Hex/Ice        0%         N/A       100%        5
 Silence                  Hex/Air        0%         N/A       100%        5
 Conjure Ball Lightning   Conj/Air       0%         3x3d6     100%        6
 Death Channel            Necr           0%         N/A       100%        6
 Iron Shot                Conj/Erth      0%         9d1       100%        6
 Plasma Beam              Fire/Air       1%         2x1d12    100%        6
 Simulacrum               Ice/Necr       0%         N/A       100%        6
 Statue Form              Tmut/Erth      0%         N/A       100%        6
 Haunt                    Necr/Summ      0%         N/A       100%        7
 Ozocubu's Refrigeration  Ice            0%         4d7       100%        7
 Borgnjor's Revivificati  Necr           0%         N/A       100%        8
 Discord                  Hex            0%         N/A       100%        8
 Disjunction              Tloc           0%         N/A       100%        8
 Lehudib's Crystal Spear  Conj/Erth      0%         10d2      100%        8
 Polar Vortex             Ice            0%         N/A       100%        9


Dungeon Overview and Level Annotations

Branches:
Dungeon (15/15)            Temple (1/1) D:6            Lair (5/5) D:11
  Swamp (4/4) Lair:2        Snake (4/4) Lair:3        Slime (0/5) Lair:4
    Orc (2/2) D:9             Elf (0/3) Orc:2        Vaults (5/5) D:13
  Crypt (0/3) Vaults:3     Depths (0/4) D:15         Bailey (visited)
  IceCv (visited)         Volcano (visited)

Altars:
Ashenzari
Cheibriados
Dithmenos
Elyvilon
Fedhas
Gozag
Hepliaklqana
Kikubaaqudgha
Makhleb
Nemelex Xobeh
Okawaru
Qazlal
Ru
Sif Muna
Trog
Uskayaw
Vehumet
Wu Jian
Xom
Yredelemnul
Zin
The Shining One

Shops:
D:9 !   D:13 ?   Orc:1 (   Orc:2 [?[!   Snake:1 *[   Snake:3 !   Snake:4 :=:
Vaults:2 !

Portals:
Abyss: D:4
Trove: D:13 (give horn of Geryon)

Annotations:
Swamp:3 exclusion: downstairs, Mara
Swamp:4 Bai Suzhen
Vaults:3 3 runed translucent doors, Ciatuas's ghost, veteran MiBe


Innate Abilities, Weirdness & Mutations

You are too large for most types of armour.
You have claws for hands.
Your natural rate of healing is unusually fast.
You are covered in fur. (AC +1)
You have tough skin. (AC +1)
You are weak. (Str -2)


Message History

The phantasmal warrior is engulfed in blazing flames.
The phantasmal warrior gestures at you.
The phantasmal warrior blinks!
The yaktaur captain shoots a bolt.
The bolt hits the iron dragon!!
An orc comes into view. It is wielding a +0 club.
Unknown command.
Unknown command.
Unknown command.
Unknown command.
Unknown command.
Okay, then.
You feel better. You block the storm dragon's attack. x3
The vault warden hits you with a +2 battleaxe of flaming.
* * * LOW HITPOINT WARNING * * *
The orc knight hits you with a +0 battleaxe!
* * * LOW HITPOINT WARNING * * *
The vault guard is engulfed in blazing flames.
You block the vault guard's attack.
The phantasmal warrior is engulfed in blazing flames.
You block the titan's attack.
The yaktaur captain shoots a bolt.
The bolt hits the iron dragon!!!
Unknown command.
Unknown command.
Unknown command.
Unknown command.
Okay, then.
You are confused.
You feel invigorated. The storm dragon barely misses you.
The storm dragon claws you but does no damage.
The storm dragon tramples you but does no damage.
The vault guard is engulfed in blazing flames.
The vault guard misses you.
The orc knight roars a battlecry!
The yaktaur captain is engulfed in blazing flames.
The vault warden hits you with a +2 battleaxe of flaming!!
* * * LOW HITPOINT WARNING * * *
The vault warden burns you.
* * * LOW HITPOINT WARNING * * *
The titan hits you!!
You die...

###################
..................#
.....{.........☼..#
##############.§c○#
,,,,,,,,,,#....Cc.#
,,,,,,,,,,#..).#DW#
,*,*,*,*,,#X#p.#Cp#
,,,,,,,,,...#..#@p#
,,,,,,,,...,####oD#
,*,*,*,#..,,,,,#9p#
,,,,,,,#..,,,,,#9p#
,,,,,,,***,,*,,#)§#
*****,,,,,,,,,,#o§#
*,,,*,,,,*,,*,,#p)#
*,,,*,,,,,,,,,,#†☼#
*,,,*,,,,*,,*,,#..#


You could see an iron dragon, a titan (weak-willed), a storm dragon (unable to
see you, weak-willed), a frost giant, a vault warden (weak-willed), 2 yaktaur
captains, 2 vault guards, an orc knight (unable to see you, weak-willed), 2 war
gargoyles, a vault sentinel, a phantasmal warrior (weak-willed), an ironbound
convoker (unable to see you) and an orc (strong, unable to see you).

Vanquished Creatures
  An ancient lich (Abyss:4)
  Vashnia (Snake:3)
  Jory (Vaults:5)
  5 tentacled monstrosities
  Rupert (Lair:5)
  Zenata (Vaults:1)
  4 liches
  2 deep elf blademasters (Abyss:3)
  3 sphinxes
  2 tentacled starspawn
  Kirke (Lair:3)
  2 thorn hunters
  A storm dragon (Vaults:5)
  6 tengu reavers
  A shadow dragon (Vaults:5)
  A fenstrider witch (Swamp:1)
  Roxanne (Swamp:4)
  Donald (Swamp:2)
  5 nagarajas (Snake:4)
  2 frost giants
  6 vault wardens
  Aizul (Snake:3)
  15 ironbound preservers
  2 stone giants (Vaults:5)
  5 ironbound thunderhulks
  4 war gargoyles
  18 very ugly things
  4 eleionomae
  5 bunyips
  7 dire elephants
  A blizzard demon (Abyss:3)
  2 green deaths (Swamp:4)
  3 ettins
  A crystal guardian (Vaults:3)
  2 fire dragons
  5 shambling mangroves
  12 yaktaur captains
  3 entropy weavers
  5 great orbs of eyes
  The ghost of Laveh the Severer, a journeyman MiFi of Okawaru (D:12)
  3 rakshasas
  2 deep elf high priests (Vaults:5)
  12 hydras
  21 vault guards
  2 caustic shrike simulacra (IceCv)
  4 peacekeepers
  4 ogre magi
  An ice dragon (Lair:1)
  5 salamander tyrants
  A ghost crab (Swamp:4)
  A death knight (D:13)
  8 anacondas
  13 centaur warriors
  5 ironbound frosthearts
  The ghost of Jingleheimer the Covert, a journeyman OpTm of Gozag (D:12)
  10 boulder beetles
  18 two-headed ogres
  9 alligators
  3 deep troll earth magi
  A death yak (Lair:1)
  10 naga warriors
  A tengu warrior (D:14)
  3 large abominations
  Urug (Lair:5)
  2 thrashing horrors (Swamp:4)
  2 wretched stars
  15 naga sharpshooters
  A deep elf knight (Swamp:2)
  An orc high priest (Orc:2)
  3 shock serpents
  A skyshark (shapeshifter) (D:14)
  2 skysharks
  6 skeletal warriors (Vaults:3)
  2 salamander mystics
  Amaemon (Lair:3)
  A titan skeleton (Vaults:3)
  A sixfirhy (Abyss:3)
  13 goliath frogs
  46 deep trolls
  A sea snake (Snake:2)
  A flayed ghost (Vaults:4)
  7 naga ritualists
  7 swamp dragons
  A spectral anaconda (Lair:5)
  2 spectral death yaks (Lair:5)
  2 obsidian statues
  2 glowing orange brains (Vaults:3)
  An orc knight (D:15)
  4 spriggan druids
  13 bog bodies
  2 phantasmal warriors (Vaults:5)
  A deep elf archer (Swamp:2)
  15 ironbound convokers
  5 mana vipers
  8 harpies
  9 necromancers
  A harpy (shapeshifter) (D:14)
  8 lindwurms
  8 wizards
  44 ugly things
  2 tengu skeletons
  2 will-o-the-wisps
  A faun (shapeshifter) (Vaults:5)
  6 cyclopes
  A manticore (D:14)
  A stone giant skeleton (Vaults:3)
  A shining eye (Snake:2)
  A faun (Snake:1)
  17 salamanders
  3 worldbinders (Abyss:3)
  18 elephants
  14 centaur zombies (D:15)
  The ghost of Grendle the Spear-Bearer, a novice MiGl (D:5)
  An iron dragon skeleton (Abyss:3)
  8 vault sentinels
  A fire giant skeleton (Vaults:3)
  22 black mambas
  21 naga magi
  A water nymph (Snake:4)
  4 orange demons
  2 torpor snails
  2 smoke demons
  Maggie (Lair:2)
  3 centaur skeletons (D:15)
  The ghost of rumournova the Basher, a novice GnWn of Jiyva (D:5)
  4 rime drakes
  3 unseen horrors
  8 cane toads
  7 komodo dragons
  16 yaktaurs
  2 golden dragon simulacra (IceCv)
  2 efreet
  3 ice devils
  2 ancient zymes (Abyss:4)
  A redback zombie (D:15)
  19 freezing wraiths (IceCv)
  2 yaktaur skeletons (Vaults:3)
  6 anaconda simulacra (IceCv)
  16 hornets
  3 human skeletons
  The ghost of Finegan the Shield-Bearer, an amateur GnFi of Vehumet (D:5)
  2 meliai (D:14)
  A bloated husk (Swamp:4)
  A meliai (shapeshifter) (D:13)
  16 trolls
  A hellwing (Abyss:4)
  5 tyrant leeches
  5 polar bears
  A raiju (Swamp:2)
  A human simulacrum (Vaults:2)
  Grinder (D:4)
  23 blink frogs
  A hydra skeleton (Abyss:3)
  A meliai zombie (D:15)
  A culicivora (shapeshifter) (D:14)
  44 slime creatures
  2 ettin skeletons (Vaults:3)
  A jumping spider (Vaults:3)
  A centaur simulacrum (D:15)
  A yak (shapeshifter) (D:14)
  2 wraiths (D:14)
  8 shadows
  4 ynoxinuls
  Eustachio (D:4)
  An elf skeleton (Vaults:2)
  7 spriggans
  2 dire elephant simulacra
  A golden eye (shapeshifter) (D:14)
  6 hogs (Lair:3)
  3 wyverns
  58 yaks
  2 redbacks
  2 fire elementals
  5 basilisks
  5 steam dragons
  A death yak simulacrum (Lair:5)
  2 neqoxecs (Abyss:3)
  2 chaos spawn (Abyss:3)
  16 vampire mosquitoes
  2 minotaur simulacra (IceCv)
  13 swamp worms
  2 harpy simulacra
  3 acid dragons
  35 nagas
  11 water moccasins
  A hydra simulacrum (IceCv)
  An ogre skeleton (Vaults:3)
  A glowing shapeshifter skeleton (Vaults:3)
  8 hell hounds
  2 swamp drakes
  2 black bears
  A hornet zombie (D:15)
  36 orc warriors
  2 ice beasts
  4 alligator simulacra (IceCv)
  An elephant zombie (Lair:5)
  23 ogres
  9 wolves
  17 centaurs
  An elephant skeleton (Lair:5)
  A phantom (D:7)
  9 bullfrogs
  3 kobold brigands
  Blork the orc (D:6)
  2 gnoll sergeants
  A two-headed ogre simulacrum (Lair:1)
  3 scorpions (D:5)
  3 deep troll simulacra (IceCv)
  8 small abominations
  11 killer bees
  A lindwurm simulacrum (IceCv)
  5 electric eels
  3 elephant simulacra (Lair:5)
  3 howler monkeys (D:11)
  2 crimson imps
  A quasit (D:4)
  3 jellies
  16 orc priests
  2 hounds
  2 iguanas
  Terence (D:2)
  23 orc wizards
  A yak simulacrum (D:12)
  4 polar bear simulacra
  3 troll simulacra (Lair:1)
  6 wolf simulacra
  Robin (D:2)
  19 gnolls
  8 adders
  2 ufetubi
  A worm (D:3)
  The ghost of chicagocrazy the Sneak, a weakling NaDe (D:5)
  The ghost of leafyfresh the Sneak, a weakling BaDe (D:4)
  A dart slug (D:3)
  113 orcs
  5 ball pythons
  7 endoplasms
  2 giant cockroaches
  14 goblins
  8 hobgoblins
  2 quokkas (D:2)
  5 bats
  5 frilled lizards
  15 kobolds
  A rat (D:2)
  3 river rat simulacra (D:12)
  A starspawn tentacle (Abyss:3)
1497 creatures vanquished.

Vanquished Creatures (collateral kills)
  A vault sentinel (Vaults:5)
1 creature vanquished.

Vanquished Creatures (others)
  A frost giant (Vaults:5)
  A wizard (Vaults:2)
  A will-o-the-wisp (Swamp:3)
  3 bloated husks
  A spriggan (Swamp:3)
  An orc (Orc:1)
  14 foxfires
  6 starspawn tentacles
28 creatures vanquished.

Grand Total: 1526 creatures vanquished

Notes
Turn   | Place    | Note
-------+----------+-------------------------------------------
     0 | D:1      | Nonny the Troll Cinder Acolyte began the quest for the Orb.
     0 | D:1      | Reached XP level 1. HP: 22/22 MP: 1/1
    18 | D:1      | Starting vault: statue room. Has +2 leather armor of
                  | positive energy (rN+).
    89 | D:1      | Found a faded altar of an unknown god.
   405 | D:1      | Reached XP level 2. HP: 27/29 MP: 2/2
   712 | D:2      | Learned a level 2 spell: Scorch
   765 | D:2      | Noticed Terence
   777 | D:2      | Killed Terence
   778 | D:2      | Reached XP level 3. HP: 15/36 MP: 3/3
   854 | D:2      | Reached skill level 4 in Unarmed Combat
  1105 | D:2      | Noticed Robin
  1135 | D:2      | Reached XP level 4. HP: 34/45 MP: 4/4
  1139 | D:2      | Killed Robin
  1703 | D:3      | Found a glowing silver altar of Zin.
  1760 | D:3      | staff of poison
  1913 | D:3      | Reached skill level 5 in Unarmed Combat
  1913 | D:3      | Reached XP level 5. HP: 22/53 MP: 5/5
  2123 | D:3      | staff of death in metal wall grid
  2255 | D:3      | kobold brigand; orc priest also spawns on floor
  2256 | D:3      | Reached skill level 1 in Dodging
  2256 | D:3      | Reached skill level 6 in Unarmed Combat
  2279 | D:3      | Reached skill level 7 in Unarmed Combat
  2279 | D:3      | Reached XP level 6. HP: 53/61 MP: 6/6
  2541 | D:3      | Somewhere on this floor I discovered a manual of unarmed
                  | combat.
  2587 | D:4      | Noticed Eustachio
  2598 | D:4      | Killed Eustachio
  2599 | D:4      | Reached skill level 1 in Throwing
  2599 | D:4      | Reached skill level 8 in Unarmed Combat
  2608 | D:4      | Reached XP level 7. HP: 39/67 MP: 7/7
  2608 | D:4      | First ogre north of Eustachio. Also an iguana.
  2632 | D:4      | staff of earth
  2654 | D:4      | Reached skill level 9 in Unarmed Combat
  2763 | D:4      | Found a transporter.
  2768 | D:4      | Found a transporter.
  2774 | D:4      | Found a one-way gate to the infinite horrors of the Abyss.
  2774 | D:4      | Noticed leafyfresh's ghost (weakling BaDe)
  2840 | D:4      | Found a shimmering blue altar of Sif Muna.
  2999 | D:4      | Found a sparkling altar of Nemelex Xobeh.
  2999 | D:4      | Noticed Grinder
  3000 | D:4      | Found an opulent altar of Gozag.
  3007 | D:4      | Paralysed by Grinder for 4 turns
  3013 | D:4      | Killed Grinder
  3014 | D:4      | Reached skill level 10 in Unarmed Combat
  3087 | D:4      | Killed leafyfresh's ghost
  3093 | D:4      | Reached skill level 11 in Unarmed Combat
  3093 | D:4      | Reached XP level 8. HP: 51/75 MP: 8/8
  3178 | D:5      | Entered Level 5 of the Dungeon
  3232 | D:5      | Found a runed translucent gate.
  3232 | D:5      | Found a runed translucent gate.
  3232 | D:5      | Found a runed translucent gate.
  3234 | D:5      | Noticed Grendle's ghost (novice MiGl)
  3234 | D:5      | Noticed chicagocrazy's ghost (weakling NaDe)
  3235 | D:5      | Noticed rumournova's ghost (novice GnWn)
  3235 | D:5      | Noticed Finegan's ghost (amateur GnFi)
  3289 | D:5      | Reached skill level 12 in Unarmed Combat
  3308 | D:5      | Found a blossoming altar of Fedhas.
  3310 | D:5      | Found an ancient bone altar of Kikubaaqudgha.
  3957 | D:5      | Killed Grendle's ghost
  3958 | D:5      | Reached skill level 13 in Unarmed Combat
  3962 | D:5      | Killed rumournova's ghost
  3963 | D:5      | Reached XP level 9. HP: 61/81 MP: 9/9
  3969 | D:5      | Killed Finegan's ghost
  3971 | D:5      | Killed chicagocrazy's ghost
  4175 | D:6      | Beware of electric eels.
  4347 | D:6      | Reached skill level 14 in Unarmed Combat
  4552 | D:6      | Noticed Blork the orc
  4557 | D:6      | Killed Blork the orc
  4596 | D:6      | Found a staircase to the Ecumenical Temple.
  4609 | Temple   | Entered the Ecumenical Temple
  4779 | Temple   | Temple: flooded ruins
  4787 | D:6      | Temple entrance in southeast.
  5065 | D:7      | Reached skill level 5 in Throwing
  5419 | D:7      | Reached XP level 10. HP: 91/91 MP: 10/10
  5422 | D:7      | Two steam dragons spawn here.
  5778 | D:8      | Noticed a two-headed ogre
  5782 | D:8      | Reached skill level 15 in Unarmed Combat
  5793 | D:8      | Killed a two-headed ogre
  5953 | D:8      | Found a basalt altar of Yredelemnul.
  6253 | D:8      | Found a sacrificial altar of Ru.
  6293 | D:8      | Found a broken altar of Ashenzari.
  6499 | D:9      | Noticed a two-headed ogre
  6507 | D:9      | Killed a two-headed ogre
  6520 | D:9      | Found Edwa Rupn's Distillery.
  6530 | D:9      | Bought a potion of curing for 30 gold pieces
  6530 | D:9      | Bought a potion of curing for 30 gold pieces
  6530 | D:9      | Bought a potion of flight for 30 gold pieces
  6578 | D:9      | Found a stormy altar of Qazlal.
  6640 | D:9      | Reached skill level 16 in Unarmed Combat
  6684 | D:9      | Reached XP level 11. HP: 79/97 MP: 11/11
  6947 | D:9      | Found a flagged portal.
  6949 | D:9      | Bailey entrance in southeast. Beware of killer bees.
  7017 | Bailey   | Entered a bailey
  7110 | Bailey   | Reached skill level 5 in Dodging
  7614 | Bailey   | Potion of experience + manual of armor
  7614 | Bailey   | Identified the +4 triple sword "Xydwurah" {heavy, rElec}
  7835 | D:9      | Reached skill level 10 in Throwing
  7835 | D:9      | Reached XP level 12. HP: 105/105 MP: 12/12
  7909 | D:9      | Noticed a two-headed ogre
  7915 | D:9      | Killed a two-headed ogre
  7930 | D:9      | Found a radiant altar of Vehumet.
  7949 | D:9      | Identified the +0 quarterstaff of Indomitability {pain,
                  | Str+7 Int-5}
  7980 | D:9      | Found a bloodstained altar of Trog.
  8050 | D:9      | Found a staircase to the Orcish Mines.
  8286 | Orc:1    | Entered Level 1 of the Orcish Mines
  8300 | Orc:1    | Reached skill level 17 in Unarmed Combat
  8302 | Orc:1    | Noticed a two-headed ogre
  8313 | Orc:1    | Killed a two-headed ogre
  8456 | Orc:2    | Entered Level 2 of the Orcish Mines
  8508 | Orc:2    | Noticed an orc high priest
  8718 | Orc:2    | HP: 5/105 [orc high priest/+2 heavy glaive (20)]
  8772 | Orc:2    | Killed an orc high priest
  8773 | Orc:2    | Reached skill level 1 in Armour
  8805 | Orc:2    | Found Jesoax's Magic Scroll Shoppe.
  8805 | Orc:2    | Noticed a two-headed ogre
  8805 | Orc:2    | Noticed a two-headed ogre
  8806 | Orc:2    | OGRE TROLL GIANT ENDING
  8899 | D:10     | Entered Level 10 of the Dungeon
  9133 | D:10     | Found a glowing golden altar of the Shining One.
  9170 | D:10     | Noticed a two-headed ogre
  9188 | D:10     | Killed a two-headed ogre
  9255 | D:10     | Identified the amulet "Semecer" {Faith rC+++ Int+4 Dex-4}
  9625 | D:10     | Paralysed by a hornet for 3 turns
  9872 | D:11     | Reached XP level 13. HP: 89/111 MP: 13/13
  9995 | D:11     | Reached skill level 18 in Unarmed Combat
 10188 | D:11     | Found a staircase to the Lair.
 10305 | D:11     | Unseen horror spawns outside Lair entrance. Lair entrance:
                  | komodo dragon behind lots of plants.
 10306 | Lair:1   | Entered Level 1 of the Lair of Beasts
 10430 | Lair:1   | Icy vault in south.
 10466 | Lair:1   | ice dragon
 10483 | Lair:1   | Reached skill level 5 in Armour
 10595 | Lair:1   | Reached skill level 1 in Shields
 10782 | Lair:1   | Identified the +6 rapier of World's End {venom, Stlth+}
 11230 | Lair:1   | death yaks here too
 11731 | Lair:2   | Noticed Maggie
 11734 | Lair:2   | Killed Maggie
 11952 | Lair:2   | Lair:2 is a very wide open floor.
 12018 | Lair:2   | Found a staircase to the Swamp.
 12124 | Lair:2   | Reached skill level 19 in Unarmed Combat
 12146 | Lair:2   | Identified a scroll of acquirement
 12162 | Lair:1   | Acquired a manual of Dodging
 12781 | Lair:3   | Noticed Amaemon
 12787 | Lair:3   | Killed Amaemon
 12968 | Lair:3   | Noticed Kirke
 12970 | Lair:3   | Noticed a sphinx
 12989 | Lair:3   | Killed Kirke
 12990 | Lair:3   | Reached XP level 14. HP: 98/122 MP: 14/14
 13106 | Lair:3   | Identified the +8 war axe of the Queen {heavy, rPois rF-
                  | Dex+2}
 13150 | Lair:3   | Identified the +10 rapier "Tattletale" {venom, rN+ Will-
                  | Int+5}
 13204 | Lair:3   | Found a staircase to the Snake Pit.
 13217 | Lair:3   | Reached skill level 20 in Unarmed Combat
 13462 | Lair:4   | lightning rod in southeast
 13479 | Lair:4   | Found a staircase to the Slime Pits.
 13547 | Lair:4   | Found a dark tunnel.
 13559 | Lair:4   | Volcano entrance in southeast.
 13561 | Volcano  | Entered a volcano
 13662 | Volcano  | fire dragon in Volcano; smoke demons as well
 14461 | Lair:5   | Entered Level 5 of the Lair of Beasts
 14548 | Lair:5   | Reached skill level 5 in Shields
 14843 | Lair:5   | Noticed Rupert
 14878 | Lair:5   | Killed Rupert
 14905 | Lair:5   | Noticed Urug
 14915 | Lair:5   | Killed Urug
 15314 | Lair:5   | Jungle Book necromancer ending
 15378 | Lair:5   | Reached skill level 1 in Evocations
 15478 | Lair:5   | Reached skill level 5 in Fighting
 15530 | Lair:5   | Identified the +5 pair of boots "Osuve" {rPois rN+}
 15531 | Lair:5   | Those are some damn fine boots. :(
 15824 | Lair:5   | shadow dragon scales past obsidian statue
 15906 | Lair:5   | Reached skill level 10 in Dodging
 16052 | Lair:5   | Got the Octavo of Obstruction and Snow
 16382 | Orc:2    | Reached XP level 15. HP: 44/133 MP: 15/15
 16507 | Orc:1    | Paralysed by something for 3 turns
 16516 | Orc:1    | Paralysed by something for 4 turns
 16834 | Orc:2    | Found Hiklaoga's Distillery.
 16836 | Orc:2    | Found Didaesuz's Antique Armour Boutique.
 16846 | Orc:2    | Found Xirest's Armour Shop.
 16849 | Orc:2    | Bought a potion of curing for 45 gold pieces
 16849 | Orc:2    | Bought a potion of curing for 45 gold pieces
 16849 | Orc:2    | Bought 2 potions of haste for 300 gold pieces
 16849 | Orc:2    | Bought a potion of might for 60 gold pieces
 16849 | Orc:2    | Bought a potion of attraction for 45 gold pieces
 16860 | Orc:2    | Bought a scroll of fear for 56 gold pieces
 16860 | Orc:2    | Bought a scroll of fog for 56 gold pieces
 16860 | Orc:2    | Bought a scroll of noise for 14 gold pieces
 16860 | Orc:2    | Bought a scroll of immolation for 56 gold pieces
 16860 | Orc:2    | Bought a scroll of vulnerability for 56 gold pieces
 16865 | Orc:2    | Bought a heavily jewelled robe for 142 gold pieces
 16865 | Orc:2    | Identified the +0 robe of Yfurute {-Tele rC+ Str+4 Slay+2}
                  | (You bought it in a shop on level 2 of the Orcish Mines)
 16915 | Orc:2    | Found a staircase to the Elven Halls.
 17268 | Orc:1    | Found Domeijos's Antique Weapon Shoppe.
 18036 | D:12     | Found a runed translucent gate.
 18038 | D:12     | Found a runed translucent gate.
 18043 | D:12     | Found a runed translucent gate.
 18059 | D:12     | Noticed Laveh's ghost (journeyman MiFi)
 18059 | D:12     | Noticed Jingleheimer's ghost (journeyman OpTm)
 18338 | D:12     | simulacra vault
 18626 | D:12     | Killed Jingleheimer's ghost
 18631 | D:12     | Killed Laveh's ghost
 18826 | D:13     | Reached skill level 10 in Shields
 18947 | D:13     | Found a gate to the Vaults.
 19288 | D:13     | Found The Oracle's Delphic Readings.
 19301 | D:13     | Bought a scroll of fog for 48 gold pieces
 19301 | D:13     | Bought a scroll of immolation for 48 gold pieces
 19301 | D:13     | Bought a scroll of enchant armour for 90 gold pieces
 19440 | D:13     | Found a portal to a secret trove of treasure.
 20458 | D:14     | Noticed a frost giant
 20459 | D:14     | Paralysed by a hornet for 2 turns
 20800 | D:14     | Killed a frost giant
 20801 | D:14     | Reached XP level 16. HP: 103/149 MP: 16/16
 20878 | D:14     | Found the +8 lance "Wyrmbane" {slay drac, rPois rF+ rC+
                  | AC+3}
 20957 | D:14     | ettin in Depths-like vault too
 21019 | D:14     | book of unlife within Depths-esque vault
 21024 | D:14     | OH MAN!
 21037 | D:14     | phantom mirror
 21254 | D:15     | Entered Level 15 of the Dungeon
 21443 | D:15     | Found a frozen archway.
 21444 | D:15     | lots of ugly things, including very ugly thing next to Ice
                  | Cave entrance; it's in the south of the floor.
 21520 | IceCv    | Entered an ice cave
 21654 | IceCv    | very ugly thing and bog body
 21827 | IceCv    | Found an ancient bone altar of Kikubaaqudgha.
 21829 | IceCv    | Big jamboree!
 21832 | IceCv    | Reached skill level 10 in Armour
 22039 | IceCv    | Noticed a lich
 22046 | IceCv    | Killed a lich
 22113 | IceCv    | Obsidian statue was here too.
 22113 | IceCv    | Beware of alarm traps in this area. :)
 22146 | IceCv    | Got the Precepts of Hoarfrost and Necromancy
 22386 | D:15     | Found a basalt altar of Yredelemnul.
 22441 | D:15     | Identified the +5 sling "Jybyff Qoch" {freeze, Stlth+}
 22660 | D:15     | Found a sacrificial altar of Ru.
 22822 | D:15     | Found the brooch of Shielding {Spirit SH+8}
 22931 | D:15     | Identified the +0 ring mail of Gluttony {Regen+}
 23146 | D:15     | Found a staircase to the Depths.
 23155 | D:15     | Beware of wizard, naga mages, and necromancer by Depths
                  | entrance.
 23505 | Snake:1  | Entered Level 1 of the Snake Pit
 23543 | Snake:1  | Noticed Louise
 23586 | Snake:1  | Found Eviun's General Store.
 23598 | Snake:1  | Bought a wand of iceblast (8) for 345 gold pieces
 23598 | Snake:1  | Bought a ring of willpower for 450 gold pieces
 23973 | Snake:1  | Reached XP level 17. HP: 157/161 MP: 17/17
 24037 | Snake:1  | Found Liosi's Armour Emporium.
 24513 | Snake:1  | Louise changed into Louise the alligator
 24513 | Snake:1  | Noticed Louise
 24518 | Snake:1  | Killed Louise the alligator
 24833 | Snake:2  | Gained mutation: You are weak. (Str -2) [a shining eye]
 26164 | Snake:3  | Reached skill level 5 in Evocations
 26279 | Snake:3  | Noticed Aizul
 26302 | Snake:3  | HP: 1/161 [Aizul/bolt of poison (25)]
 26506 | Snake:3  | Killed Aizul
 26634 | Snake:3  | Found Vexitioly's Distillery.
 26643 | Snake:3  | Bought a potion of berserk rage for 65 gold pieces
 26643 | Snake:3  | Bought a potion of curing for 39 gold pieces
 26643 | Snake:3  | Bought a potion of curing for 39 gold pieces
 26643 | Snake:3  | Bought a potion of curing for 39 gold pieces
 26643 | Snake:3  | Bought a potion of attraction for 39 gold pieces
 26643 | Snake:3  | Bought a potion of resistance for 130 gold pieces
 26643 | Snake:3  | Bought a potion of might for 52 gold pieces
 26643 | Snake:3  | Bought a potion of cancellation for 104 gold pieces
 26643 | Snake:3  | Bought a potion of invisibility for 104 gold pieces
 27285 | Snake:4  | Entered Level 4 of the Snake Pit
 27768 | Swamp:1  | Entered Level 1 of the Swamp
 28388 | Swamp:1  | Very unfriendly welcome party for Swamp.
 29246 | Swamp:2  | Paralysed by a hornet for 1 turns
 29631 | Swamp:2  | Noticed Donald
 29651 | Swamp:2  | Killed Donald
 29733 | Swamp:2  | Elf ritual vault
 30461 | Swamp:3  | Reached XP level 18. HP: 171/171 MP: 18/18
 30568 | Swamp:3  | manual of translocations
 30569 | Swamp:3  | Noticed Mara
 31019 | Swamp:3  | Noticed Nonny's illusion
 31226 | Swamp:4  | Entered Level 4 of the Swamp
 31365 | Swamp:4  | Identified Roxanne's Omnibus of Topography
 31365 | Swamp:4  | Noticed Roxanne
 31750 | Swamp:4  | ugly things
 31947 | Swamp:4  | Noticed Bai Suzhen
 32117 | Swamp:4  | Killed Roxanne
 32665 | Swamp:4  | Reached skill level 1 in Invocations
 32713 | Swamp:4  | thrashing horror
 32819 | Swamp:4  | Noticed a tentacled monstrosity
 32874 | Swamp:4  | Reached skill level 10 in Fighting
 32906 | Swamp:4  | Killed a tentacled monstrosity
 33129 | Swamp:4  | Got a decaying rune of Zot
 33275 | Swamp:4  | beware of green deaths in endvault too
 33906 | Snake:4  | Noticed Vashnia
 34044 | Snake:4  | Found Ixtyol's Book Shoppe.
 34287 | Snake:4  | Found Moedijut's Book Shoppe.
 34287 | Snake:4  | Found Tingaum's Jewellery Shop.
 34344 | Snake:3  | Killed Vashnia
 34938 | Snake:4  | Reached skill level 15 in Armour
 35115 | Snake:4  | Reached XP level 19. HP: 157/185 MP: 17/20
 35403 | Snake:4  | Naga warrior has +1 tower shield of reflection.
 35748 | Snake:4  | Got a serpentine rune of Zot
 36151 | Vaults:1 | Entered Level 1 of the Vaults
 36324 | Vaults:1 | Noticed Zenata
 36332 | Vaults:1 | Nearly died to Zenata and deep troll mob.
 37307 | Vaults:1 | Identified the +3 flail "Bimmeixt" {heavy, rPois Dex+4
                  | Stlth-}
 37549 | Vaults:1 | Killed Zenata
 38654 | Vaults:2 | Found Egokopho's Distillery.
 38733 | Abyss:2  | Cast into level 2 of the Abyss (a wizard)
 38746 | Abyss:2  | Noticed a bone dragon
 39042 | Abyss:3  | Reached skill level 1 in Stealth
 39074 | Abyss:3  | HP: 1/180 [thorn hunter/volley of thorns (32)]
 39150 | Abyss:3  | Found a corrupted altar of Lugonu.
 39262 | Abyss:4  | Reached XP level 20. HP: 183/193 MP: 21/21
 39266 | Abyss:4  | Found a corrupted altar of Lugonu.
 39318 | Abyss:4  | Found a corrupted altar of Lugonu.
 39329 | Abyss:4  | Fell from the grace of Ignis
 39329 | Abyss:4  | Became a worshipper of Lugonu the Unformed
 39329 | Abyss:4  | Reached * piety under Lugonu
 39329 | Abyss:4  | Reached ** piety under Lugonu
 39340 | Abyss:4  | Noticed an ancient lich
 39355 | Abyss:4  | Killed an ancient lich
 39364 | Vaults:2 | Escaped the Abyss
 39614 | Vaults:2 | Reached skill level 15 in Shields
 39829 | Vaults:2 | Reached *** piety under Lugonu
 40058 | Vaults:2 | Bought 2 potions of curing for 72 gold pieces
 40058 | Vaults:2 | Bought a potion of curing for 36 gold pieces
 40058 | Vaults:2 | Bought a potion of curing for 36 gold pieces
 40058 | Vaults:2 | Bought a potion of haste for 120 gold pieces
 40058 | Vaults:2 | Bought a potion of might for 48 gold pieces
 40058 | Vaults:2 | Bought a potion of attraction for 36 gold pieces
 40058 | Vaults:2 | Bought a potion of mutation for 96 gold pieces
 40097 | Vaults:2 | You fall into a shaft and drop 1 floor!
 40349 | Vaults:3 | Found a flickering gateway to a bazaar.
 40365 | Vaults:3 | It's in the northeast. Beware of nearby peacekeeper,
                  | crystal guardian, and war gargoyle.
 40409 | Bazaar   | Entered a bazaar
 40409 | Bazaar   | Found Kyemi's Jewellery Shop.
 40409 | Bazaar   | Found Qowohix's Jewellery Boutique.
 40409 | Bazaar   | Found Pulaom's Antique Weapon Boutique.
 40409 | Bazaar   | Found Ziexzut's Antique Armour Shop.
 40441 | Bazaar   | Bought a pair of bloodstained boots for 114 gold pieces
 40441 | Bazaar   | Identified the +0 pair of boots of Henotheism {-Tele Harm
                  | Dex+6 Slay+2} (You bought it in a shop in a bazaar)
 40444 | Bazaar   | Bought the ring of Reatt {rF+ rC+ AC+4 Slay-6} for 288 gold
                  | pieces
 40450 | Bazaar   | Underwhelming Bazaar. :/
 40628 | Vaults:3 | You fall into a shaft and drop 1 floor!
 41115 | Vaults:3 | Reached **** piety under Lugonu
 41258 | Vaults:3 | Found a staircase to the Crypt.
 41502 | Vaults:3 | Found a runed translucent gate.
 41502 | Vaults:3 | Found a runed translucent gate.
 41502 | Vaults:3 | Found a runed translucent gate.
 41672 | Vaults:3 | Found a runed translucent gate.
 41672 | Vaults:3 | Found a runed translucent gate.
 41676 | Vaults:3 | Found a runed translucent gate.
 41679 | Vaults:3 | Noticed Ciatuas's ghost (veteran MiBe)
 41706 | Vaults:3 | potion of experience right outside that ghost gate :)
 41706 | Vaults:3 | Reached skill level 5 in Invocations
 41706 | Vaults:3 | Reached XP level 21. HP: 206/206 MP: 21/24
 42326 | Vaults:4 | Reached XP level 22. HP: 214/214 MP: 23/25
 43024 | Vaults:4 | You fall into a shaft and drop 1 floor!
 43024 | Vaults:5 | Entered Level 5 of the Vaults
 43096 | Vaults:5 | Identified the amulet of Biqef {Faith rElec rF- Regen+
                  | SInv}
 43146 | Vaults:5 | Noticed Jory
 43170 | Vaults:5 | Killed Jory
 43193 | Vaults:5 | Was forgiven by Ignis
 43311 | Vaults:5 | Got a silver rune of Zot
 43448 | Vaults:5 | Identified the amulet "Fuirull" {Spirit Str+4}
 43450 | Vaults:5 | Paralysed by a sphinx for 4 turns
 43499 | Vaults:5 | HP: 4/168 [deep elf death mage/bolt of negative energy
                  | (32)]
 43517 | Vaults:5 | Identified the ring of Sloth {rPois rF++ Will+++ Str+6
                  | Dex-3}
 43998 | Vaults:5 | Identified the +1 battleaxe of the Three Gods {heavy, Str+2
                  | Dex+3}
 44030 | Vaults:5 | HP: 9/203 [vault warden/+2 battleaxe of flaming (3)]
 44030 | Vaults:5 | Demolished by a titan

Illustrated notes ##### ##8.8### #.)..[.# #......# ##..8...# #8......# #<...@..+ #8......# ##..8...# #......# #......# ##8.8### ##### Turn 18 on D:1: Starting vault: statue room. Has +2 leather armor of positive energy (rN+). #............^. ###....##.####### ....)..##.# ..#....##.######## ..#............... ..#.#.###.######## ..#.#.#..........# # ..#...#.#........#.#.### ..#...#.>.......@....... ###...#............#.... #.#.########.# # #.#.. .# #:#.. # #. Turn 1760 on D:3: staff of poison #.......#.# #########.######~≈≈ ............~~~~~ #######.#.#.##~~ #.#.#####.. ##########.#........ #.#.#.#.#.#.#.#.#.#.. ####.#.....#.#.#.#.#.# #...#..S..#.#@#.#>#.#.# #....#.....#.#.#.#.#.#.# #.<.#.#.#.#.#.#.#.#.#.#.# #....#.#.#.#.#.#.#<#.#.#) #...#†#.#.#.#.# #.#.#$#.# ####.......#.# #.#.#.#.#.# #.#.....#.#.# #.#.#.#.#.## ##........... #. #...... ##.#.....#.... ... ..# Turn 2123 on D:3: staff of death in metal wall grid ...###.# #.############### ...# #.# #........#....... ...###.# ########....#.###### .......# ####~~ #....#.# ..###### ~~~~~ #....#.# ###.K ~~≈~ ###....# KK . #≈≈ ######....# ## ....#####...)..))<# ###≈######.K..K@....).....# ##~≈≈≈~~~~###..KK.#####....# ~~~~~~~~### ####### ##.#.# ##~~~~~## #.#.# ###....# #####.#.# .......## #.....#.# #.#.....## #.#####.# .#.#.#.#.# #.# #.# #.#.#.#.## #.# #.# Turn 2255 on D:3: kobold brigand; orc priest also spawns on floor #.##..####.#.#.... #.##.......#.#[... #.##########.##### #................~ ############.#.#.# #.#.### #############.#.... #.#.#.#.#.#.#.#.#.# ####@#.....#.#.#.#.#. #...#.....#.#.#.#>#.# #....#.....#.#.#.#.#. #.<.#.#.#.#.#.#.#.#.# #....#.#.#.#.#.#.#<#. #...#.#.#.#.#.#.#.#.# ####.......#.#.#.#÷#. #.#.....#.#.#.#.#.# ##.............#.#. Turn 2541 on D:3: Somewhere on this floor I discovered a manual of unarmed combat. #.. #... #... ...? # ... #. ## .####.##### ##. .). ...>..l...# #.. .... #...@..###§###..... ##.......<§#§.....< ##.......§<§§# #.......###### ....#..).## ..####....# . ......| .......... :...###.... Turn 2608 on D:4: First ogre north of Eustachio. Also an iguana. ..####.##### ##.. .). .....>..)...# #..# .... .#####...)..###.###..... ##.......<.#......< ##........<..# #.......###### ....#..).## ..####....### . ........@.# ..............# .:...###......# ...###.##..#.## #.. .# #....# ## ## #..... ...#... .......$ Turn 2632 on D:4: staff of earth ###### ..... .... ... #.# . ###.####... #..@....... #.......... ##<.####### #..# ....# o. .....# Oo P~P~... #. ~~♣P~PP~P ##o P.~~~~♣≈≈~P #.$ Turn 4175 on D:6: Beware of electric eels. ≈≈≈≈≈≈≈≈≈≈≈≈≈≈≈≈≈≈≈≈≈≈≈ ≈≈≈≈≈≈≈≈~~≈≈≈~≈≈≈≈≈≈≈≈≈≈ ≈≈≈≈≈≈≈~..#..~≈≈≈≈≈≈≈≈≈≈ ≈≈≈≈≈≈≈~.8~8#~≈≈≈≈≈≈≈≈≈≈ ≈≈≈≈≈≈≈~.~<~~~≈≈≈≈≈≈≈≈≈≈ ≈≈≈≈≈~≈~~.~.#≈~≈≈≈≈≈≈≈≈≈ ≈≈≈≈≈≈###~~~~~#~≈≈≈≈≈≈≈≈ ≈≈≈≈≈≈#8.~....~≈≈≈≈≈≈≈≈≈ ≈≈≈≈≈~~~~~..~~~≈@≈≈≈≈≈≈≈ ≈≈≈≈≈~._..~~~_.~≈≈≈≈≈≈≈≈ ≈≈≈≈≈~#..~.~~~#~≈≈≈≈≈≈≈≈ ≈≈≈≈≈≈~..~.~..#≈≈≈≈≈≈≈≈≈ ≈≈≈≈≈~~~.~.~~.~~≈≈≈≈≈≈≈≈ ≈≈≈≈≈≈._...~~_~~~≈≈≈≈≈≈≈ ≈≈≈≈≈~~~~..~~~~≈≈≈≈≈≈≈≈≈ ≈≈≈≈≈~~.~~~~..~~≈≈≈≈≈≈≈≈ ≈≈≈≈≈≈#.~~~~.~.~≈≈≈≈≈≈≈≈ Turn 4779 on Temple: Temple: flooded ruins .##..##...##### ###........# #.........#### #............######## #......#.##.........# ########.##.##...##.# #.##.##...##.# #.##.........# #.##....@....# #. #.........# #.##...##.# ...##...##.# ##..........# #.....###### ####### Turn 4787 on D:6: Temple entrance in southeast. ###.##.#..[.. ............# ###.#.#.##.## #.......##.# #.#####.##.# #.# #.##.# #.# #.##.# ..>#########.#####.##.# #.....@†.§..§..##.##.# ##.##.#####.##.##<##.# #. #.##.##.##># #. #.##.##.##.# ###.#####.##.##.##.# ......†!...........# #################### Turn 5422 on D:7: Two steam dragons spawn here. ≈8§§#§§§# ≈≈§§≈§§.## #.# ≈≈###§.§.##... ... ≈§≈..........# #..# .≈...........# ....y ........###..# .)..# ..####.....># .y∩).# ### ##.....# ###..)..# #.....# #@......# #.....# #.###.### #.....####.# #.....'....# #.....###### #.....# #.....# #.....# #.....# Turn 6949 on D:9: Bailey entrance in southeast. Beware of killer bees. #≈≈≈≈≈.)≈≈≈)....≈≈≈..≈ #≈≈≈≈.≈≈≈.........≈≈≈. #≈≈≈≈(≈.....≈~≈.....≈. #≈≈≈(≈≈.⌠..≈≈)≈≈..⌠.≈≈ #≈≈≈.≈.....≈~≈~≈.....≈ #≈≈.≈≈....≈≈~≈)≈≈....≈ #≈≈.≈)....≈)≈≈≈~≈..... #≈≈.≈.....≈)≈)≈~≈..... #≈≈.≈.....≈~≈@≈~≈..... #≈≈.≈.....≈~≈.≈~≈..... #≈≈.≈.....≈)≈~≈~≈..... #≈≈)≈≈....≈≈~~~≈≈....≈ #≈≈≈)≈....)≈≈≈≈≈.....≈ #≈≈≈.≈≈.⌠..≈≈≈≈≈..⌠.≈≈ #≈≈≈≈(≈.....≈≈≈.....≈. #≈≈≈≈.≈≈≈...).....≈≈≈. #≈≈≈≈≈..≈≈≈.....≈≈≈(.≈ Turn 7614 on Bailey: Potion of experience + manual of armor ## ###......... ##.##.##........... #.................. ................... ................... ................... .....#............. ##.###............. #.. #.....@....... ## .......$....... #............... ##..#........... #.............. ##......#...... ##...T#..O.... ...T. ..∩.O.O Turn 8806 on Orc:2: OGRE TROLL GIANT ENDING ..#######.........# #......... ..##............>.## #.......>. ..'..####..........### #......... ..#### #...####.....####.....[.. ..# #...##.....P...##........ ..# #...#P.PPP......#........ ..# #...#PPPPP............... ..# #...#PPP....P.....###'### ### ###.#PP.@.PPPPP..## #.# # #.#PP..PPPPPPP## #.# # ####PPPPPPPPP## #.# ##### #.############ #.# ....# #......# #.# ..<.# #......# #.# ....#######......# #.# ....'.....'......# #.# ....#######......# #)# Turn 10305 on D:11: Unseen horror spawns outside Lair entrance. Lair entrance: komodo dragon behind lots of plants. ..............# #. #..........# ##.###.#..###..# # #......#..####.###### .. #.##P....###.#.#..... ...#.#≈#................ ^....###................ .#.#.....###......##.#.# .......@#####.##.#.#.### .....................# .....................# .........###........## ........#. #######.## ~~~~~~~h~~~ ### ~~~~~h~~~~~ ≈≈~~~~kZ~~≈~ ~...... Z.~ Turn 10430 on Lair:1: Icy vault in south. ...##..).......# ..............# #. #..........# ##.###.#..###..# # #......#.†####.###### .. #.##P....###.#.#..... ...#.#≈#................ ^....###................ .#.#...@.###......##.#.# ........#####.##.#.#.### .....................# ....D................# .........###........## ........#. #######.## ~h~~~~~~~~~ ### ~~~~~~~~~~~ ≈≈~~~~~≈~~≈~ Turn 10466 on Lair:1: ice dragon ......##.######.####..####...# .............#.....#...##....## .........##.#.................# ......#...........##..).......# ......#..##..#................# ......#..##.#..##.##..........# ......#..##.#..##.###.#..###..# ##..###..##.##.#......#..####.### ...............#@##P....###.#.#.. ...............#Y#≈#............. ............^....###............. #..#.....##P.#.#Z....###......##. #..##.....##........#####.##.#.#. ...##............................ ................................. .................4...###........# ######.#####........#.########.## Turn 11230 on Lair:1: death yaks here too ..<....................... .......................... .......................... .......................... .......................... ....................#..... .......................... .......................... .........@................ ♣♣♣♣♣..................... ♣♣♣♣♣................. ♣♣................ ................ ................ ................ .........)...... .............. Turn 11952 on Lair:2: Lair:2 is a very wide open floor. *,**,** #..##..## *,*,,,**** ###..#....# ***,**,,**,###.#....†..# *,*,**,,,,,.........<.## **,,,**,*,,**#.....#†.## ,,**,,,*****#*..##..#.# ,,*,,*******#..**#..#.## ,,*,,*,,*#.##..###....P# ,,,,,,,,,....(..@.....## ,,,,,,,,,..............# ,,,******.####.#.#.#..P# ,,** *****#..##...>## *,* ****,*#.#*#.....# ,,******,,,*#..,,..#(.## *,,**,,*,,,...,,,.....P# *,****,,,>,...,,......## *,**,,,,,,,,**,,P###.## Turn 13462 on Lair:4: lightning rod in southeast **,*** ##.......* ** *,,* #.....P.##### *,,* *#...#...#..# **,* #...##....#* **,* *** ##...#P..#.# *,,****,* #.....†.##.# **,,,,,,* ####....###.# *,****,*##.###.##.##.# ### *** ***#∩@..#.#####.####.. ##..†#.# #....... ###...# #######. ##.## ## ### # Turn 13559 on Lair:4: Volcano entrance in southeast. ### #### ##.## ##$8.# ##...## ##$....## #..∩.∩# #?$.§...######### ##....## #$.§D≈..#8..8...## #..#.## [$.≈§§..'.......§## #..##### $$.§≈§§@'......§§.## #.##.§.# #!.≈≈§§.#8..8....§.## #.##.§§# #!$.≈...########.§§.# #.....§# ##)....## ##...## #..§§..## ##!8.# ##...# #..#...§## #### #.§.## #........## #### #....# #..##.....####..## #####.≈..## ##..##...........# ##..##.§§..# Turn 13662 on Volcano: fire dragon in Volcano; smoke demons as well ........................ .. ........................ ........^............... ........................ ........................ ........................ ........................ ...........♣............ .P.....♣########@''##### #♣...P## ..............Z #♣♣### .#####8.⌠.8#### # ##8P8## ##### 8PPY8 ?pY..+ :?...+ Turn 15314 on Lair:5: Jungle Book necromancer ending ..................♣............ P♣####♣.P.....♣########'''####### ########♣...P###...........†..... #8..P..##♣♣###P..#####8.⌠.8#####. #[.....# ####.###..###8P8## #8.....####P...#....8###### ######'#.)†.####...[?#8pY.8# # ###...####..#...$}#?$...+ ♣♣♣#...#.#.....'@...8#:?...+ ♣♣8..8P........##...##8PP.8# P♣♣...########## #### .P♣♣8♣# ###### Turn 15531 on Lair:5: Those are some damn fine boots. :( #♣P.....P♣♣######.......#.# ###...P♣##########......### ..##♣♣♣##PPP..8# ##.....# #.#### #P.....# #.....# #....####..)..8####.....## ####....#'#########......# ####.#.# ##.##.....## #P.P# ##'####.### #..8# ♣♣@♣# ### #''####♣♣...# #..#..#P#.P...## #..........P♣.# ###........♣♣## #.#..#.#♣♣ ######## Turn 15824 on Lair:5: shadow dragon scales past obsidian statue ########### #......... ##.#...... #.....P.#####.# #.....⌠.#ZZZ#.## #.....P.#Z.Z#..# #.......#ZZZ#..## #....#'###Z##...########## .....###.#)...@.#^..##..#....# .... #...#......#...#...#....# .... +...#....#.#...#...'....# ....###.#....#.#.###.###....# #.....########.###.######## #........................# #..........'.............# #..........#..############ ###'#.>...##### Turn 18338 on D:12: simulacra vault }?/##........##..##### (|:#..........#......# !$|##........##......# $[..##......##......## #...####'###.......# #...♣#.##.........# #.⌠.##.#...#####.# ♣.##.##...# #.#### ####@#.#..[# #..... # #†#.#.##...# #..... ## +....C'#C#.##....# #..... .######.....######.....# #..... ......#.....#..........# #..... ......##...##..........# #..... .......##.##...........# #..... .[......###............#####..... ...........................†....# Turn 20957 on D:14: ettin in Depths-like vault too ....## #.....#.#.#.##........ ....# #.....####.#.#........ ....# ##.♣#.....#♣.##.##......## ....# #.⌠.##...##.⌠.##.#......# ....# ♣...##.##...♣#.##......# ..### #...###...####†###....# .## #../$)..##...)..##...# ## #?$}?/##........##..## # #[$(|@#..........#.... ## ##....|##........##.... .## #....[..##...)..##..... ..### #...#'#...####'###...... ....# ♣...##.##...♣#.##........ ....# #.⌠.##...##.⌠.##.#...##### ....# ##.♣#.....#♣.##.##...# # ....# #.## #.....####.#.#..[# # ....##.# #.....#†#.#.##...# # Turn 21019 on D:14: book of unlife within Depths-esque vault .......######.....######...###### ......## +.....'#.#.##........ .....## #.....#.#.#.##....... .....# # #.....####.#.#....... .....# ##.♣#.....#♣.##.##......# .....# #.⌠.##...##.⌠.##.#......# .....# ♣...##.##...♣#.##......# ...### #...###...####†###....# ..## #../$@..##...)..##...# .## ##?$}..##........##..# .# #[$(|.#..........#... .## ##....|##........##... ..## #....[..##...)..##.... ...### #...#'#...####'###..... .....# ♣...##.##...♣#.##....... .....# #.⌠.##...##.⌠.##.#...#### .....# ##.♣#.....#♣.##.##...# Turn 21024 on D:14: OH MAN! .......## +.....'#.#.##....... ......##.# #.....#.#.#.##...... ......# #.## #.....####.#.#...... #.....# ##.♣#.....#♣.##.##...... #.....# #.⌠.##...##.⌠.##.#...... #.....# ♣...##.##...♣#.##...... #...### #...###...####†###.... #..## #....)..##...)..##... #.## ##?.@..##........##.. #.# #[..|.#..........#.. #.## ##....|##........##.. #..## #....[..##...)..##... #...### #...#'#...####'###.... #.....# ♣...##.##...♣#.##...... #.....# #.⌠.##...##.⌠.##.#...### #.....# ##.♣#.....#♣.##.##...# ......# #.## #.....####.#.#..[# Turn 21037 on D:14: phantom mirror ,,,*,#.#,* *,,,,,,,,,,,,,,,**** ,,,*,#.#,###....u..∩...*,,,* ****,#.#,.....uu...uuu,.,,,* ##**,#.#,##....#..u..,.#,,,* .,,,,#.#.#*#.......u,...,,,* ######.#.# *#......#....,,** .........# *#..........,** ######.#.# *#.........,******** #.#########@......#,,<,,,,,, #..................,,,,,,,,, ###################,******** *** Turn 21444 on D:15: lots of ugly things, including very ugly thing next to Ice Cave entrance; it's in the south of the floor. ###### ##...@### #.......# ##..###...# ##..###...# ##..###..n# #...# #... ##### ##..# #u. ####...### ###...# #. ##........###....## Turn 21654 on IceCv: very ugly thing and bog body ##..# ##....## #...# ##....# ....... ...## ###..# ...Z_.. ..## ##...# ZW..ZZ. ### ###...## .WZ.pZW ###...### ##WnWZW.. ###...### ##Wn.8.. ###....## #####..W.# #....### ##.##..@### ...### ##...##....# .########..#..###..# ..###.....###.....## #........## ##...## #........8######## #.........=.# ............# .#.......#### Turn 21829 on IceCv: Big jamboree! ...###.....## ..## ##...## ..8#########. ## ...=.# ##.. ..## .....# #...# #...# ..#### #...####....# ### #.........# # ### #........# # ###.## ##...@..## #####....#####....## .#....##...#.##...# ....######...†...## ##### ##.##.### ###### Turn 22113 on IceCv: Obsidian statue was here too. ......############ #..........# ......# #..........# ......# #..........# ......# ####.#.....## ####### ########......... ##.....##......... ##.......##........ #..#####..#........ #.@#...#.)#........ #..'.>.#..)........ #..#...#..#)####### ##### #..#####..#.# #...# ##.)...).##.# ### #...# ##.....###.# #.. ########...############ #?# #.# ......................###.#####.# #################.#.#.........#.# Turn 23155 on D:15: Beware of wizard, naga mages, and necromancer by Depths entrance. ♣♣♣ ♣♣♣ ♣~.♣♣♣ ♣♣♣~♣♣♣♣.~~..♣ ♣♣♣.@.....~~~~.♣ ♣.~~~x....~~~[~♣ ♣~.~~F~~.>.~~~~.♣ ♣♣.i~~~~~.~.~~~.♣♣ ♣.~~~~~~.§.~~~..♣ ..~♣.~~~~..~~~.♣~. ~?.♣♣♣..?...~§~.♣♣. F~.~?.♣~..~.~~~~~♣ ~~ .......~°......~ Turn 28388 on Swamp:1: Very unfriendly welcome party for Swamp. ♣~.~....♣ ..~~..~~♣ ~.~. ~..... ..♣♣...♣♣ ~≈~~)eeY. ~.♣♣♣~♣♣ ~~...§.Y ..♣♣♣♣♣♣♣ ..♣... ~♣~....~♣ ~...♣ ♣♣.~~..~♣ ♣♣...♣ ♣♣.~~~§♣♣♣♣♣ ♣.♣.~♣♣.~~...♣ ....~~..<..♣♣♣..@.♣♣~~....♣ §~~~.~§.~~.§♣♣.~♣.♣♣~....~♣ ~~...~~~~~~.♣♣....♣♣~.~.~.♣ ♣♣♣♣♣~.~~)~~♣♣♣..♣♣♣.~~...♣ ♣♣.~~~.§♣♣....♣♣....~.♣ ....§~~~~~♣♣...♣♣♣....~.♣ .~~~~~~~~~♣♣.~..♣♣......♣ ..~~~~....~♣♣...♣♣♣...~.♣♣ ..~~~~~~.~..........~....♣ Turn 29733 on Swamp:2: Elf ritual vault ~~ ~~~~~..♣♣ ~< ♣.. ~~~ ♣♣..~~~..♣♣♣~~ .♣...~ ..♣♣§~~~~§~...w.~ ♣~.... ♣~..~.~~~~~~>.♣♣ ♣.~~~~ ♣.....~~~~~~~..♣ ~~~~.♣♣♣.....~§~~~~§.~ ~~~.♣.♣~~~~~.~~~.♣ ♣~..♣~~~~~.@♣♣ ♣♣~~...~.~~..~♣ ♣♣.~~~~.~.~~~~...~~~§.♣ ♣~.~~~§~.♣~~~~~~~~..~. ♣♣.~~~...♣~~~~.~~~..~♣ ♣~.†.†♣♣♣♣..~♣~~~~~~♣ ~. ♣♣...)§.♣~♣~~♣♣....~♣♣♣♣.~~ ♣..<~♣~♣♣.~....♣♣♣♣~~~...♣~.~~~. ...~~~♣♣♣...~♣♣♣♣♣♣~~~~~....~~~. Turn 30568 on Swamp:3: manual of translocations ~~~~§~?~♣♣ ♣...~...~~~.♣♣♣ ~~~..D.~~♣♣♣♣♣♣§~~..~§~~...♣ ~~~~....~~§.♣♣♣~~~~~.~..§~♣♣ ..~~~(†u~~~~~♣~~~~~.^.~...♣ ..~..♣♣.u~~.♣♣♣~♣♣♣♣~..~~♣♣♣♣ ~.. ♣♣~~~~~~~~♣ ♣.~~~~♣♣♣.. § ♣~~~~~~~..♣ ♣.~~~...~~. ♣♣†~~~.|..♣♣ ♣♣.~~.~~... ♣♣~~~~~..@.~♣♣ ♣~.....♣~. ♣♣~~~~.†~..~§.♣ ♣♣...~..~~ ♣~~~~~.~~~.~~.♣♣ ♣......~~ ♣.~~...~~~~...~♣ ♣♣♣..~♣~. ♣..~♣♣~~~~.~§~.♣♣♣♣♣♣♣.♣♣♣♣ ♣♣♣♣♣♣.~~~.~~~..♣.......~♣♣ ♣♣~~.~.§~.~~~..~~.~†.~ ♣♣♣♣♣..~~~~..~~~....♣ ♣♣♣~~~~..~~~~♣♣♣♣ Turn 31750 on Swamp:4: ugly things ♣~.........~~~~~~~~.~♣♣♣♣ ♣♣§.~..~~...~~~~~§.♣ ♣♣~♣ ♣♣....♣~...§..~.~..~♣ ♣♣..♣ ♣.~.♣♣♣♣♣♣♣~.~~~♣..~♣♣♣.~♣♣ ♣♣~.♣♣♣ ♣♣.~~...~♣♣~~♣..~ ♣♣.~.♣♣♣ ♣.~~~~.♣♣♣.~.~~~ ♣~~~§.♣♣♣♣~~~~~~~~....~§. ♣~~~§~.♣♣X..~~~~~~~~~~~.. ♣♣.~~~~.♣@♣~....~~~§~~~~?~ ♣.~~~§~~~.♣♣♣~~~.~~~~....~ ♣.~~~~~~~♣♣ ♣♣~.~.~~~~.... ♣~♣#########♣.~.....§~~~~. ♣♣# ~..~≈§~#~#.§....~..♣♣. #~§..#~#~#~~.~....♣♣~ #≈≈≈J#~#~~~~~.~♣♣♣~~ J.#.#~#♣~~~♣♣♣♣♣÷~ #JJ≈)#~#~#♣~.♣ ♣♣§~~ Turn 32713 on Swamp:4: thrashing horror

~.♣♣♣♣♣♣♣§.§~~♣..~♣♣♣.§♣♣d~~~..~~
~.♣♣♣ ♣♣.~~...~♣♣§~♣..~.~~~.♣~~
♣.§.♣♣♣ ♣.~~~§.♣♣♣.~.§~~♣..~~~~~
♣~~~~.♣♣♣♣~~~~~~~~....~~.♣♣♣♣..~~
♣~~~~~.♣♣~..~~~~~~~~~~~..♣ ♣♣~~§
♣.~~~~d♣~♣~....~~~~~~~~?~♣♣ ♣♣..
.~~~~~~~.♣♣♣~~~.~~§~....~~♣♣♣♣♣♣~
.~~~~~~~♣♣ ♣♣~.~.~~~~....~~~.♣♣♣~
~♣#########♣.~..@2.~~~§~.~~d~~♣~~
♣##~..~≈~§#~#.~....~..♣♣.~~~.♣♣♣~
##.~#~~..#§#~#~~.~....♣♣~~~~~~~†♣
#~#≈≈#≈≈≈~#~#~~~~~.~♣♣♣~~~~~~~..♣
.#.≈#≈≈≈.#.#~#♣~~~♣♣♣♣♣÷~~~.|..♣♣
..#≈.#≈≈≈)#~#~#♣~.♣ ♣♣§~~~~....~♣
..#≈#~≈~.≈.≈~≈♣#♣♣♣♣♣~~~~..~..~~.
###≈##≈~~≈≈≈.~♣ ♣~~§~~.~~~.~~.
≈≈≈~##.≈≈≈≈≈~~# ♣.~~...~~~~...


Turn 33275 on Swamp:4: beware of green deaths in endvault too
.............######.......... ............## ###.........
...........[######........... ......####..))#)............. ....##
#..))).......)....## #..# #....)......).....## #.. ######[#######)..... ##
♣♣♣♣∩♣♣♣♣ ##...... ♣@......♣##....... ♣...⌠...♣#........ ♣.∩...∩.♣#.......#
♣♣..∩..♣♣###.....# ♣♣...♣♣ ##....# ♣♣♣♣♣ #....# ##### ##.).# #...## #)).#
#....######).. Turn 35403 on Snake:4: Naga warrior has +1 tower shield of
reflection. #..............# #..............# #..............#
#.............)#### #.............).... #........########.. #........# #..
#........# #.. #.@......# #.. #........# #.. #........# #.. #..[.....# #..
#........# #.. #........# #........# #......... Turn 36332 on Vaults:1: Nearly
died to Zenata and deep troll mob. *,,,,,,,,,,,* ***,,,,,****,,*, *,,,,,,,,,,,*
*,,,,,* *,,** *****#+####+* **,,,** *,,*, *,.......* ***** *,,*, *,.9..9..*
*,,** *******,...9...##### *,,,, ,,,888*,.......#...### *,,,,
8,,,88*,.......#.#...### ***** 8,,,,8*,.......#@.##...##
,,,,,,*,.....~~.~...##..# ,,,,,,*,..P...~~≈~~.###.#########
,,88,,*,....P..∩~≈≈≈###.##....... ,888,,*,..P..~~.~≈≈≈~~#.##.......
88888,+,(....~≈~≈≈~......#....... *******,.......####......#.......
*****#####+#***#......#....... *,,,,,,,,,,,,,,#......#######' Turn 40365 on
Vaults:3: It's in the northeast. Beware of nearby peacekeeper, crystal guardian,
and war gargoyle. ♣♣♣♣♣ ♣♣♣.∩.♣♣♣ ♣♣...@...♣♣ ♣.........♣ ♣♣..PP.PP..♣♣
♣...P∩.∩P...♣ ♣...P...P...♣ ♣...P∩.∩P...♣ ♣♣..PPPPP..♣♣ ♣.........♣ ♣♣.......♣♣
Turn 40450 on Bazaar: Underwhelming Bazaar. :/ !...#..#....#..#..#.#########.#..
!.#F#.#.#.#.#..#..#...........#.. ...F+.§#....'..#..######+######..
!.l2+....#..'..#...#.?....#...... .§hW+..#....'..#...#......#......
..#k#.#.#.#.#..#...#......#...... !..k#§.#§...#.†#...#......#......
##############.'...#......#...... ###@..#......#..#### #...#......#.[#...
#...#......#..[... ################...#......'..#...
...............#...#......#..#... ...............#...########..#..)
#..#...........#.............#... ..#...#........'.............####
..##...........#................. Turn 41706 on Vaults:3: potion of experience
right outside that ghost gate :)

Levels and vault maps discovered:
D:1:      mrwooster_arrival_statue_3, layout_loops_ring,
          shapermc_ecumenical_altar_petra
D:2:      layout_basic, grunt_ministairs_6, mrwooster_statue_mirror,
          minmay_fractal_squares_gapless_5, uniq_terence, uniq_robin
D:3:      cheibrodos_thug_alley, layout_basic, lemuel_doored_altar
D:4:      layout_rooms, nicolae_sif_muna_condensation,
          grunt_temple_overflow_opulence, gammafunk_ghost_abyssal_escape,
          uniq_grinder, uniq_eustachio
D:5:      layout_gridville, grunt_temple_overflow_growth_and_decay,
          gammafunk_ghost_cemetery
D:6:      layout_gridville, minmay_temple_entry_stoned_glass, serial_bayou,
          serial_bayou_pond_c, serial_bayou_pond_a, serial_bayou_lagoon_a,
          serial_bayou_shore_a, uniq_blork_the_orc
D:7:      layout_loops_ring
D:8:      layout_basic, mainiacjoe_overflow_alcove_2,
          mainiacjoe_overflow_surrounded_room, mainiacjoe_overflow_alcove_1,
          minmay_misc_feat_enclosed
D:9:      layout_basic, nicolae_qazlal_general_emergency, fiery_altar_vehumet,
          mainiacjoe_overflow_chevrons, hiddenorc2_lemuel, enter_bailey_2,
          serial_shops, shop
D:10:     layout_long_grid, old_standard_altar, minivault_24,
          lightli_fourway_metalbox
D:11:     layout_roguey, david_lair_shrubbed
D:12:     layout_gridville, gammafunk_ghost_cemetery, minmay_misc_feat_room,
          eino_house_with_fridge
D:13:     layout_stronghold, erik_vaults_2, enter_trove_2,
          nicolae_nh_oracle_at_delphi
D:14:     cheibrodos_leafed_vault, layout_irregular_city
D:15:     grunt_enter_depths_magical_seal, layout_basic,
          nicolae_ru_sacrificial_ziggurat, portal_ice_cave_entry_ugly_swarm,
          nicolae_yredelemnul_corpse_copse
Temple:   chequers_temple_sunken
Lair:1:   dreamdust_isle_of_ice, layout_gridlike
Lair:2:   layout_cave_shapes, nicolae_swamp_entry_splash_gauntlet,
          infiniplex_staircase_pool_2, uniq_maggie
Lair:3:   layout_misc_corridors, guppyfry_snake_entry_garden,
          grunt_megastairs_4, uniq_kirke, uniq_amaemon
Lair:4:   layout_loops_ring, slime_entry_1, enter_volcano_3,
          infiniplex_staircase_pool
Lair:5:   due_jungle_book, layout_regular_city, uniq_urug, uniq_rupert
Swamp:1:  layout_basic_swamp, hangedman_swamp_ruin_wall
Swamp:2:  layout_basic_swamp, nicolae_swamp_fairy_circle, swamp_pool1,
          beargit_elvish_explorers, uniq_donald
Swamp:3:  layout_basic_swamp, nicolae_swamp_triple_paths, swamp_pool1, uniq_mara
Swamp:4:  swamp_vile, layout_basic_swamp, uniq_roxanne, uniq_bai_suzhen
Snake:1:  layout_misc_corridors, serial_shops, shop, shop, uniq_louise
Snake:2:  layout_honeycomb, grunt_megastairs_1
Snake:3:  layout_layer_cave, serial_shops, shop, uniq_aizul
Snake:4:  snake_pit, layout_layer_cave, minmay_shop_grove, uniq_vashnia
Orc:1:    layout_diamond_mine, serial_shops, nicolae_shop_hallway_stairs
Orc:2:    st_orc_open, layout_caves
Vaults:1: vaults_mumra_lcd, vaults_room_semicircle,
          ontoclasm_vaults_decontamination, v_misc_17,
          hangedman_vaults_variations, nicolae_vaults_diamond_2,
          v_alt_pattern_3, nicolae_vaults_weapon_check,
          nicolae_vaults_mini_display_case, layout_vaults_big_room, uniq_zenata
Vaults:2: nicolae_vaults_sightless_eye, v_rooms_1, grunt_vaults_twisty,
          nicolae_vaults_little_guard_posts, v_misc_5,
          vaults_dpeg_emergency_exit, nicolae_vaults_tetromino_L_1,
          ontoclasm_vaults_loading_screen, v_misc_2, v_pattern_2,
          nicolae_vaults_trapezoid_4, layout_vaults_omnicross, serial_shops,
          shop_statue
Vaults:3: ploomutoo_gammafunk_ghost_potion_laboratory,
          minmay_crypt_entry_skeletal_spiral, hangedman_vaults_corner_blocks,
          nicolae_vaults_house_2, nicolae_vaults_little_squares_1,
          hangedman_vaults_unwind, nicolae_vaults_alarming, v_rooms_4,
          nicolae_vaults_storage_closets_3, nicolae_vaults_diamond_1,
          nicolae_vaults_oval_intersection, vaults_room_stairs_pillars,
          nicolae_vaults_house_1, v_misc_11,
          nicolae_vaults_storage_room_statues, layout_vaults_omnibox,
          serial_shops, bzr_entry_lakeside
Vaults:4: nicolae_vaults_storage_closets_1,
          nicolae_vaults_doubleplus_tesselated, v_misc_13,
          nicolae_vaults_turnstiles, kb_rosetta, nicolae_vaults_tetromino_T_1,
          vaults_room_boxed, nicolae_vaults_network_star,
          ontoclasm_vaults_ring_small, nicolae_vaults_surprise_closet,
          nicolae_vaults_theta, nicolae_vaults_bisected_slash,
          layout_vaults_ring
Vaults:5: serial_shops, uniq_jory, uniq_frederick

Skill      XL: |  1  2  3  4  5  6  7  8  9 10 11 12 13 14 15 16 17 18 19 20 21 22 |
---------------+-------------------------------------------------------------------+-----
Unarmed Combat | 4 5 7 8 11 13 14 16 17 19 20 | 20.0
Fighting       | 3 5 7 8 9 11 12 | 12.1
Dodging        | 1 2 3 4 5 10 12 | 12.0
Throwing       | 1 3 4 5 6 10 11 12 13 14 | 14.5
Armour         | 4 6 7 11 13 15 | 15.0
Shields        | 3 7 11 14 17 18 | 18.9
Evocations     | 1 4 6 |  6.0
Invocations    | 3 5 6 9 |  9.2
Stealth        | 1 3 |  3.0
Spellcasting   | |  1.0
Fire Magic     | |  2.1

Action                     |  1- 3 |  4- 6 |  7- 9 | 10-12 | 13-15 | 16-18 | 19-21 | 22-24 || total
---------------------------+-------+-------+-------+-------+-------+-------+-------+-------++-------
  Melee: Unarmed           |    71 |   101 |   286 |   476 |  1270 |  1690 |  1233 |   451 ||  5578
         Punch             |     1 |     1 |    12 |    35 |     6 |       |       |       ||    55
         Scimitar          |       |       |       |       |     7 |    65 |       |       ||    72
         Staff             |       |       |       |       |       |     4 |       |       ||     4
  Throw: Stone             |     4 |       |    12 |       |     5 |   150 |       |       ||   171
         Dart              |       |       |    12 |    31 |    26 |     8 |    10 |       ||    87
         Throwing net      |       |       |       |     1 |     1 |     1 |       |       ||     3
         Large rock        |       |       |       |    21 |    10 |    28 |    19 |    14 ||    92
         Boomerang         |       |       |       |       |     6 |       |       |       ||     6
         Javelin           |       |       |       |       |    14 |     6 |       |       ||    20
 Invoke: Fiery Armour      |       |       |       |       |     1 |     1 |     2 |       ||     4
         Rising Flame      |       |       |       |       |       |       |     1 |       ||     1
         Banish            |       |       |       |       |       |       |     8 |    20 ||    28
  Evoke: Wand              |       |       |     3 |       |     4 |    42 |    13 |     2 ||    64
         Lightning rod     |       |       |       |       |     4 |     3 |    14 |       ||    21
         Condenser vane    |       |       |       |       |       |       |     3 |     1 ||     4
         Box of beasts     |       |       |       |       |       |       |     1 |     1 ||     2
         Phantom mirror    |       |       |       |       |       |       |       |     1 ||     1
    Use: Scroll            |       |     5 |     6 |     9 |    30 |    30 |    13 |    10 ||   103
         Potion            |       |     1 |     3 |     6 |     4 |    19 |    19 |    22 ||    74
   Stab: Held in net/web   |       |       |       |     1 |       |     1 |       |       ||     2
         Paralysed         |       |       |       |       |     5 |     5 |       |       ||    10
         Sleeping          |       |       |       |       |     1 |     3 |     8 |     4 ||    16
         Invisible         |       |       |       |       |       |     9 |     1 |       ||    10
         Distracted        |       |       |       |       |       |     1 |     1 |       ||     2
 Armour: Robe              |    23 |    28 |    89 |       |       |       |       |       ||   140
         Skin              |       |       |    21 |       |       |       |       |       ||    21
         Steam dragon scal |       |       |       |    86 |       |       |       |       ||    86
         Troll leather arm |       |       |       |    72 |   253 |       |       |       ||   325
         Ice dragon scales |       |       |       |       |    27 |       |       |       ||    27
         Shadow dragon sca |       |       |       |       |   229 |   588 |   366 |    94 ||  1277
         Swamp dragon scal |       |       |       |       |       |   157 |    49 |       ||   206
         Storm dragon scal |       |       |       |       |       |       |       |    28 ||    28
  Dodge: Dodged            |    35 |    31 |    78 |   210 |   388 |   439 |   231 |    53 ||  1465
  Block: Other             |       |       |    26 |    87 |       |       |       |       ||   113
         Reflection        |       |       |       |     2 |       |       |    91 |    14 ||   107
         Kite shield       |       |       |       |       |   454 |   309 |       |       ||   763
         Tower shield      |       |       |       |       |       |  1446 |  1545 |   456 ||  3447
